 Dungeon Crawl Stone Soup version 0.23.1-37-gaa34b87b72 (webtiles) character file.

Game seed: 15036865027792401161

450 Peloso the Covered (level 6, -5/55 HPs)
             Began as a Minotaur Fighter on Mar 21, 2019.
             Killed by divine providence
             ... invoked by an orc priest
              (10 damage)
             ... on level 6 of the Dungeon.
             The game lasted 00:06:46 (3819 turns).

Peloso the Covered (Minotaur Fighter)               Turns: 3819, Time: 00:06:47

Health: -5/55      AC: 11    Str: 26    XL:     6   Next: 74%
Magic:  5/5        EV:  7    Int:  5    God:
Gold:   171        SH: 10    Dex: 11    Spells: 5/5 levels left

rFire    . . .     SeeInvis .   u - +9 broad axe of Reason {venom, rC+}
rCold    + . .     Gourm    .   c - +0 shield
rNeg     . . .     Faith    .   x - +0 chain mail
rPois    .         Spirit   .   (helmet restricted)
rElec    .         Reflect  .   (no cloak)
rCorr    .         Harm     .   (no gloves)
MR       .....                  o - +0 pair of boots
Stlth    ..........             (no amulet)
HPRegen  0.18/turn              (no ring)
MPRegen  0.09/turn              (no ring)

@: mighty
A: retaliatory headbutt, horns 2
a: no special abilities


You were on level 6 of the Dungeon.
You were very hungry.

You visited 1 branch of the dungeon, and saw 6 of its levels.

You collected 281 gold pieces.
You spent 110 gold pieces at shops.

Inventory:

Hand Weapons
 a - a +0 long sword
 u - the +9 broad axe of Reason (weapon) {venom, rC+}
   (You found it on level 4 of the Dungeon)

   It poisons the flesh of those it strikes.
   It protects you from cold.
Armour
 b - a +0 scale mail
 c - a +0 shield (worn)
 o - a +0 pair of boots (worn)
 x - a +0 chain mail (worn)
Scrolls
 i - 4 scrolls of teleportation {unknown}
 j - a scroll of fear {unknown}
 k - 2 scrolls of enchant weapon {unknown}
 m - 5 scrolls of remove curse {unknown}
 n - 2 scrolls of random uselessness {unknown}
 p - a scroll of enchant armour {unknown}
 r - a scroll of fog {unknown}
 s - a scroll of blinking {unknown}
 w - 3 scrolls of identify
 y - a scroll of amnesia {unknown}
Potions
 d - a potion of might
 e - 2 potions of ambrosia
 g - a potion of agility
 h - 3 potions of heal wounds
 l - a potion of mutation
 q - a potion of curing
 t - a potion of cancellation {unknown}
 v - 2 potions of resistance {unknown}
 z - a potion of flight
 A - a potion of brilliance
Comestibles
 f - 10 rations


   Skills:
 + Level 4.9 Fighting
 + Level 4.7 Long Blades
 + Level 2.0 Axes
 + Level 5.3 Armour
 + Level 2.8 Dodging
 + Level 4.8 Shields


You had 5 spell levels left.
You didn't know any spells.
Your spell library contained the following spells:

 Spells                   Type           Power        Failure   Level  Hunger
 Apportation              Tloc           #.....       100%        1    ##.....
 Summon Butterflies       Summ           #.......     100%        1    ##.....
 Lesser Beckoning         Tloc           #.........   100%        3    ####...
 Tukima's Dance           Hex            #.......     100%        3    ####...
 Alistair's Intoxication  Tmut/Pois      #.......     100%        5    ######.
 Invisibility             Hex            #.......     100%        6    #######


Dungeon Overview and Level Annotations

Branches:
Dungeon (6/15)
 Temple: D:4-7

Altars:
Dithmenos
Hepliaklqana
Nemelex Xobeh
Okawaru
Sif Muna
Trog
The Shining One

Shops:
D:5 =   D:6 !

Annotations:
D:6 Eustachio


Innate Abilities, Weirdness & Mutations

You reflexively headbutt those who attack you in melee.
You have a pair of horns on your head.


Message History

You headbutt the orc priest, but do no damage.
The orc warrior closely misses you. The quokka bites you.
The orc priest casts a cantrip, but nothing happens.
You block the orc priest's attack. You block the quokka's attack.
The orc priest hits you but does no damage.
The quokka bites you but does no damage.
A quokka comes into view.
The orc priest casts a cantrip, but nothing happens.
You feel very mighty all of a sudden. You block the quokka's attack.
The orc warrior hits you from afar with a +0 halberd!!
* * * LOW HITPOINT WARNING * * *
Unknown command.
You slash the quokka!
You kill the quokka!
The quokka's corpse disappears in a puff of smoke!
The orc priest mumbles some strange prayers to Beogh against you.
Beogh smites you!
You die...

......# ......# .......
#.... ......# ....#
.:.....
#...#########......#
#...#...#..........#
#####...?.....##@# #
..............##ยง#.#.#.#
................o5....)r
..............#o........
###.........#.o.......
#...#...#...........
#...#######....##...
#.<.# #.........
#####...##### #.........


You could see an orc warrior, 2 orc priests and a white imp.

Vanquished Creatures
  A centaur (D:5)
  2 hounds (D:4)
  A bullfrog skeleton (D:5)
  An orc priest (D:5)
  2 orc wizards
  An iguana (D:4)
  A worker ant (D:4)
  A hound zombie (D:5)
  A howler monkey zombie (D:6)
  An adder (D:4)
  2 oozes
  A worm (D:4)
  3 dart slugs
  3 leopard geckos
  9 orcs
  7 bats
  6 giant cockroaches
  8 goblins
  5 hobgoblins
  12 jackals
  8 kobolds
  2 quokkas (D:3)
  2 ball pythons
  4 frilled lizards
  A leopard gecko skeleton (D:5)
  A quokka skeleton (D:5)
  9 rats
95 creatures vanquished.

Notes
Turn   | Place    | Note
-------+----------+-------------------------------------------
     0 | D:1      | Peloso the Minotaur Fighter began the quest for the Orb.
     0 | D:1      | Reached XP level 1. HP: 19/19 MP: 0/0
   126 | D:1      | Reached XP level 2. HP: 18/27 MP: 1/1
   231 | D:1      | Reached skill level 4 in Armour
   401 | D:1      | Reached XP level 3. HP: 30/33 MP: 2/2
  1366 | D:3      | Reached XP level 4. HP: 20/40 MP: 3/3
  1710 | D:3      | Reached skill level 1 in Dodging
  2164 | D:4      | Reached XP level 5. HP: 43/46 MP: 4/4
  2263 | D:4      | Found a bloodstained altar of Trog.
  2278 | D:4      | Found a glowing golden altar of the Shining One.
  2313 | D:4      | Found a shadowy altar of Dithmenos.
  2347 | D:4      | Got a warped broad axe
  2348 | D:4      | Identified the +9 broad axe of Reason {venom, rC+} (You
                  | found it on level 4 of the Dungeon)
  2663 | D:5      | Entered Level 5 of the Dungeon
  2727 | D:5      | Found Lyocs's Jewellery Shoppe.
  2744 | D:5      | Reached skill level 5 in Armour
  2744 | D:5      | Reached XP level 6. HP: 55/55 MP: 5/5
  2908 | D:5      | Found a sparkling altar of Nemelex Xobeh.
  2912 | D:5      | Found an iron altar of Okawaru.
  2967 | D:5      | Found a deep blue altar of Sif Muna.
  2967 | D:5      | Found a hazy altar of Hepliaklqana.
  3084 | D:5      | HP: 2/55 [centaur (5)]
  3087 | D:5      | Reached skill level 1 in Axes
  3770 | D:6      | Found Vayruf's Distillery.
  3791 | D:6      | Bought a potion of agility for 40 gold pieces
  3791 | D:6      | Bought a potion of flight for 30 gold pieces
  3791 | D:6      | Bought a potion of brilliance for 40 gold pieces
  3801 | D:6      | Noticed Eustachio
  3807 | D:6      | Noticed an orc warrior
  3819 | D:6      | Killed from afar by an orc priest

Skill      XL: |  1  2  3  4  5  6 |
---------------+-------------------+-----
Shields        | 4 |  4.8
Armour         | 4 5 |  5.3
Fighting       | 4 |  4.9
Long Blades    | 3 4 |  4.7
Dodging        | 1 2 |  2.8
Axes           | 2 |  2.0

Action                   |  1- 3 |  4- 6 || total
-------------------------+-------+-------++-------
Melee: Long sword        |   115 |    63 ||   178
       Headbutt          |    17 |    21 ||    38
       Broad axe         |       |    39 ||    39
  Use: Potion            |     1 |     2 ||     3
       Scroll            |       |     3 ||     3
  Eat: Chunk             |     1 |     7 ||     8
Armor: Scale mail        |    65 |    37 ||   102
       Chain mail        |       |    16 ||    16
Dodge: Dodged            |    42 |    40 ||    82
Block: Shield            |    78 |    74 ||   152
       Rpst.: Long sword |    14 |     7 ||    21
